[Event "GrandPrix_30.05"]
[Site "Chess.com"]
[Date "2020.05.30"]
[Round "5"]
[White "v-kazakouski"]
[Black "Olghita64"]
[Result "1-0"]
[WhiteElo "2402"]
[BlackElo "2067"]
[TimeControl "600+2"]
[EndTime "10:21:03 PDT"]
[Termination "v-kazakouski won by resignation"]

1. d4 d5 2. c4 c6 3. cxd5 cxd5 4. Nc3 Nf6 5. Bg5 Ne4 6. Nxe4 dxe4 7. Rc1 h6 8. Bd2 Nc6 9. e3 Be6 10. Ne2 Bxa2 11.
Qa4 Bd5 12. Nf4 Rc8 13. Nxd5 Qxd5 14. Bc4 Qd7 15. d5 Rd8 16. Bc3 e6 17. dxc6 bxc6 18.
O-O Bd6 19. Be2 f5 20. Bh5+ Kf8 21. Rfd1 Qc7 22. Rxd6 Rxd6 23. Bb4 g6 24. Rxc6 1-0

[Event "GrandPrix_30.05"]
[Site "Chess.com"]
[Date "2020.05.30"]
[Round "5"]
[White "Dolphin_2010"]
[Black "Salnaa"]
[Result "1-0"]
[WhiteElo "2098"]
[BlackElo "2133"]
[TimeControl "600+2"]
[EndTime "10:21:03 PDT"]
[Termination "Dolphin_2010 won by resignation"]

1. e4 c5 2. Nf3 Nc6 3. Bb5 g6 4. Bxc6 dxc6 5. O-O Bg7 6. d3 Qc7 7. Nc3 Nf6 8. Be3 b6 9. a4 a5 10. Qd2 Ng4 11. Bf4 e5 12. Bg3 f6 13. Ne1 O-O 14. f4 Bh6 15. h3 exf4 16. hxg4 g5 17. Bh2 Bxg4 18. Qf2 f5 19. Nf3 Bg7 20. Kh1 h6 21.
Rae1 Qd7 22. exf5 Bxf5 23. Ne5 Qc7 24. Nc4 Bd4 25. Qf3 Rae8 26. Qh5 Rxe1 27. Rxe1 Kg7 28. Ne2 Qe7 29. Rf1 Bg6 30. Qf3 g4 31. Qxg4 f3 32. Nxd4 h5 33. Ne6+ 1-0

[Event "GrandPrix_30.05"]
[Site "Chess.com"]
[Date "2020.05.30"]
[Round "5"]
[White "esskeettit"]
[Black "Gurvich_Vitaly"]
[Result "0-1"]
[WhiteElo "2100"]
[BlackElo "2264"]
[TimeControl "600+2"]
[EndTime "10:21:07 PDT"]
[Termination "Gurvich_Vitaly won by resignation"]

1. d4 Nf6 2. c4 g6 3. Nc3 d5 4. cxd5 Nxd5 5. e4 Nxc3 6. bxc3 Bg7 7. Nf3 O-O 8. Be3 c5 9. Qd2 Qa5 10. Rc1 Rd8 11. d5 Nc6 12. c4 Qxd2+ 13. Nxd2 Nd4 14. Nb3 b6 15. Bd3 e6 16. O-O f5 17. f3 Bd7 18.
Bxd4 cxd4 19. Rfe1 Rac8 20. Rc2 exd5 21. exd5 Re8 22. Rxe8+ Rxe8 23. c5 bxc5 24. Nxc5 Bc8 25. Bc4 d3 26. Nxd3 Bd4+ 27. Kf1 Kg7 28. Bb5 Rd8 29.
Rc7+ Kh6 30. d6 Bb6 31. Rc3 Be6 32. Rc6 Bd5 33. Rc3 Rxd6 34. Ne5 Bd4 35. Nc4 Bxc4+ 36. Rxc4 Bb6 37. Ke2 Re6+ 38. Kd2 Ba5+ 39. Kd3 Re1 40. Rc2 Rh1 41. h3 Kg5 42. Bc6 Kf4 43. Rc5 Bb6 44.
Rd5 Kg3 45. f4 Rd1+ 46. Ke2 Ra1 47. Rd7 Rxa2+ 48. Kd3 Kxf4 49. Rxh7 Ra3+ 50. Kc4 Ra1 51. h4 Rc1+ 52. Kb5 Rc5+ 53. Kb4 Rxc6 54. h5 gxh5 55. Rxh5 Rg6 56. Rh4+ Kg3 57. Rh5 f4 58. Rf5 Rg4 59. Kc3 Kxg2 60. Kd3 f3 0-1

[Event "GrandPrix_30.05"]
[Site "Chess.com"]
[Date "2020.05.30"]
[Round "5"]
[White "Happy1712Drummer"]
[Black "rusuvlad95"]
[Result "0-1"]
[WhiteElo "2150"]
[BlackElo "2109"]
[TimeControl "600+2"]
[EndTime "10:21:27 PDT"]
[Termination "rusuvlad95 won by resignation"]

1. d4 Nf6 2. Nf3 d5 3. e3 Bf5 4. c4 c6 5. Nc3 e6 6. Bd3 Bg6 7. O-O Bd6 8. b3 Nbd7 9. Bb2 Rc8 10. Re1 Ne4 11. Ne2 f5 12. Nf4 Bxf4 13. exf4 Bh5 14. Be2 O-O 15. a3 Qc7 16. Rc1 Qxf4 17. Qd3 Rf6 18.
g3 Rg6 19. Qe3 Nxg3 20. Qxf4 Nxe2+ 21. Kf1 Nxf4 22. Nh4 Rf6 23. Re3 g5 24. Ng2 Nxg2 25.
Kxg2 Re8 26. Rce1 f4 27. Rh3 Bg4 28. Rc3 Kf7 29. a4 h5 30. f3 Bf5 31. b4 g4 32. h3 gxh3+ 33. Kh2 Rg8 34. cxd5 exd5 35. Bc1 Rg2+ 0-1

[Event "GrandPrix_30.05"]
[Site "Chess.com"]
[Date "2020.05.30"]
[Round "5"]
[White "Winawer81"]
[Black "ArnaudovP"]
[Result "0-1"]
[WhiteElo "2142"]
[BlackElo "2247"]
[TimeControl "600+2"]
[EndTime "10:21:31 PDT"]
[Termination "ArnaudovP won on time"]

1. e4 e5 2. Nf3 Nc6 3. Bc4 Bc5 4. c3 Nf6 5. d3 h6 6. Bb3 d6 7. h3 a6 8. Nbd2 Ba7 9. Nf1 Be6 10. Bc2 Qd7 11. Ng3 O-O-O 12. Qe2 g5 13. Be3 Bxe3 14. Qxe3 d5 15. Nd2 d4 16. Qf3 Ne8 17. Nf5 Nd6 18. g4 h5 19. c4 Nb4 20. Bb1 c5 21. a3 Nc6 22. Bc2 b5 23. Rc1 Kb7 24. Nb3 Kb6 25.
Nxc5 Kxc5 26. b4+ Nxb4 27. axb4+ Kxb4 28. cxb5 Nxb5 29. Rb1+ Kc5 30. Ba4 hxg4 31. hxg4 Rxh1+ 32. Qxh1 Qc7 33. Bxb5 Qa5+ 34. Ke2 axb5 35. Ra1 Qb4 36. Qc1+ Qc3 37. Qd1 Kb6 38. Rc1 Qa3 39. Kf3 Bc4 40. Ke2 Bb3 41. Qh1 Be6 42. Qd1 Rh8 43. Ra1 Qb2+ 44. Kf3 Rh2 45. Qg1 Rh3+ 46. Kg2 Rxd3 47.
Qh2 Qxa1 48. Qxe5 Rd1 49. Qd6+ Ka5 50. Qc7+ Ka4 0-1

[Event "GrandPrix_30.05"]
[Site "Chess.com"]
[Date "2020.05.30"]
[Round "5"]
[White "Promacherr"]
[Black "Jan1401"]
[Result "1-0"]
[WhiteElo "2188"]
[BlackElo "2245"]
[TimeControl "600+2"]
[EndTime "10:21:45 PDT"]
[Termination "Promacherr won by resignation"]

1. e4 e6 2. d4 d5 3. Nd2 Nc6 4. Ngf3 Nf6 5. e5 Nd7 6. Bb5 Be7 7. O-O a6 8. Bxc6 bxc6 9. Nb3 c5 10. Na5 Nb8 11.
c4 c6 12. Qa4 O-O 13. Rd1 Qc7 14. dxc5 Bxc5 15. b4 Be7 16. Be3 c5 17. cxd5 exd5 18.
Rac1 Bd7 19. Qc2 c4 20. Rxd5 Be6 21. Rd4 Nc6 22. Rxc4 Bxc4 23. Qxc4 Bxb4 24. Nxc6 Ba3 25. Rc3 Rac8 26. Ne7+ Qxe7 27. Qxc8 Qb4 28. h3 h6 29. Qc4 Qb1+ 30. Kh2 Be7 31. e6 Bd6+ 32. g3 Qf5 33. exf7+ Kh8 34. Kg2 Kh7 35. Qd3 Rxf7 36. Qxf5+ Rxf5 37. Rc6 1-0

[Event "GrandPrix_30.05"]
[Site "Chess.com"]
[Date "2020.05.30"]
[Round "5"]
[White "Supernotar"]
[Black "madamDD"]
[Result "1-0"]
[WhiteElo "2216"]
[BlackElo "2360"]
[TimeControl "600+2"]
[EndTime "10:21:52 PDT"]
[Termination "Supernotar won by resignation"]

1. d4 Nf6 2. c4 b6 3. Nf3 Bb7 4. Nbd2 d5 5. cxd5 Qxd5 6. e3 e6 7. Be2 Bd6 8. O-O O-O 9. b3 c5 10. Nc4 Bc7 11. dxc5 Qxc5 12. Ba3 Qh5 13. Nfe5 Qg5 14.
Nf3 Qh6 15. Bxf8 Bxf3 16. Bd6 Bxe2 17. Qxe2 Bxd6 18. Nxd6 Nbd7 19. Rac1 Ne5 20. Qa6 Rf8 21. Rc8 Nfg4 22. h3 Nf3+ 23. gxf3 Qxh3 24. Rxf8+ Kxf8 25. Qc8+ Ke7 26. Qc7+ Kf6 27. Qxf7+ Ke5 28. Qf4+ 1-0

[Event "GrandPrix_30.05"]
[Site "Chess.com"]
[Date "2020.05.30"]
[Round "5"]
[White "Poghosyan_Suren"]
[Black "grunbergmihai"]
[Result "0-1"]
[WhiteElo "2135"]
[BlackElo "2312"]
[TimeControl "600+2"]
[EndTime "10:21:56 PDT"]
[Termination "grunbergmihai won by resignation"]

1. d4 f5 2. e4 fxe4 3. Nc3 Nf6 4. Bg5 Nc6 5. d5 Ne5 6. Qd4 Nf7 7. h4 h6 8. Bf4 c6 9. O-O-O Qa5 10. Kb1 Nxd5 11. Nge2 e5 12. Qxe4 Nf6 13. Qg6 exf4 14. Nxf4 Be7 15. Bc4 O-O 16. Rhe1 d5 17. Rxe7 dxc4 18.
Ne4 Qf5 19. Rxf7 Rxf7 20. Qxf7+ Kxf7 21. Nd6+ Kg8 22. Nxf5 Bxf5 0-1

[Event "GrandPrix_30.05"]
[Site "Chess.com"]
[Date "2020.05.30"]
[Round "5"]
[White "TheJoker64"]
[Black "Misterlose0"]
[Result "1-0"]
[WhiteElo "2244"]
[BlackElo "1935"]
[TimeControl "600+2"]
[EndTime "10:22:00 PDT"]
[Termination "TheJoker64 won on time"]

1. e4 Nc6 2. Nf3 d5 3. exd5 Qxd5 4. Nc3 Qh5 5. Be2 Bg4 6. h3 O-O-O 7. O-O Bxh3 8.
gxh3 Qxh3 9. Nh2 e6 10. Ne4 Nf6 11. Ng5 Qh4 12. Nxf7 Nd4 13. d3 Rd5 14. Nxh8 Bd6 15.
f4 Rg5+ 16. Kh1 Nf5 17. Nf7 Ng3+ 18. Kg2 Nxf1+ 19. Nxg5 Qxh2+ 20. Kxf1 Qh1+ 21. Kf2 Qh2+ 22. Ke1 Qg3+ 23. Kf1 1-0

[Event "GrandPrix_30.05"]
[Site "Chess.com"]
[Date "2020.05.30"]
[Round "5"]
[White "FCLitras"]
[Black "Pidzsy"]
[Result "1-0"]
[WhiteElo "2150"]
[BlackElo "2188"]
[TimeControl "600+2"]
[EndTime "10:22:22 PDT"]
[Termination "FCLitras won by resignation"]

1. d4 b5 2. e4 Bb7 3. Bd3 e6 4. Nd2 c5 5. c3 cxd4 6. cxd4 Nc6 7. Ngf3 Rc8 8. a3 Qb6 9. Nb3 Nf6 10. O-O Be7 11.
Be3 Ng4 12. Bf4 h5 13. h3 Nf6 14. Qe2 a6 15. Bg5 Na5 16. Nxa5 Qxa5 17. Rac1 O-O 18.
e5 Nd5 19. Qe4 g6 20. Bxe7 Nxe7 21. Qxb7 Nc6 22. d5 exd5 23. Qxd7 Rfd8 24. Qb7 Rc7 25. b4 Rxb7 26. bxa5 Nxa5 27. Rfd1 Kf8 28. Nd4 Nc4 29.
e6 Nxa3 30. e7+ Kxe7 31. Nc6+ Kd7 32. Nxd8 Kxd8 33. Ra1 b4 34. Bxa6 Rb6 35. Rxd5+ Ke7 36. Re1+ Kf6 37. Bd3 b3 38. g4 b2 39. gxh5 gxh5 40.
Rxh5 Rb3 41. Rd5 b1=Q 42. Bxb1 Nxb1 43. Kg2 Rb2 44. Rd3 Kg5 45. Re5+ Kf6 46. Red5 Rb4 47. Kg3 Rc4 48. R5d4 Rc2 49. Rf3+ Ke5 50. Rb4 Nd2 51. Rxf7 Ne4+ 52. Rxe4+ Kxe4 53. h4 Ke5 54. h5 Ke6 55.
Rf4 Rc1 56. Kh4 Rh1+ 57. Kg5 Rg1+ 58. Rg4 Rh1 59. Kg6 Rh2 60. f4 Ke7 61. h6 Kf8 62. h7 Rh1 63. Rg5 Rh2 64. Rf5+ Ke7 65. Kg7 Rg2+ 66. Rg5 Rf2 67. h8=Q 1-0

[Event "GrandPrix_30.05"]
[Site "Chess.com"]
[Date "2020.05.30"]
[Round "5"]
[White "Olga_Girya"]
[Black "Andrei_Belozerov"]
[Result "0-1"]
[WhiteElo "2256"]
[BlackElo "2490"]
[TimeControl "600+2"]
[EndTime "10:22:32 PDT"]
[Termination "Andrei_Belozerov won by resignation"]

1. d4 d5 2. c4 c6 3. Nf3 Nf6 4. e3 Bg4 5. Qb3 Qb6 6. Ne5 Be6 7. c5 Qc7 8. Nc3 Nbd7 9. f4 g6 10. Be2 Bg7 11. O-O O-O 12. Bd2 Bf5 13. g4 Ne4 14. gxf5 Nxd2 15. Qc2 Nxf1 16. Rxf1 Nf6 17. Kh1 Rae8 18.
Rg1 e6 19. fxg6 hxg6 20. Bd3 Nd7 21. Ne2 Nxe5 22. fxe5 Bh6 23. Bxg6 fxg6 24. Qxg6+ Bg7 25.
Nf4 Rxf4 26. Qxe8+ Rf8 27. Qxe6+ Qf7 28. Qxf7+ Rxf7 29. Kg2 Bh6 30. Re1 Kf8 31. e4 Rf4 32. exd5 cxd5 33. Rd1 Ke7 34. Rd3 Kd7 35. Rh3 Bf8 36. Rh7+ Be7 37. b4 Rxd4 38. b5 Rc4 39. c6+ bxc6 40. bxc6+ Rxc6 41. Kf3 Rc4 0-1

[Event "GrandPrix_30.05"]
[Site "Chess.com"]
[Date "2020.05.30"]
[Round "5"]
[White "KJakubowski"]
[Black "VMikhalevski"]
[Result "0-1"]
[WhiteElo "2390"]
[BlackElo "2648"]
[TimeControl "600+2"]
[EndTime "10:22:45 PDT"]
[Termination "VMikhalevski won by resignation"]

1. d4 Nf6 2. Nf3 g6 3. Bg5 Bg7 4. Nbd2 O-O 5. c3 d5 6. e3 Nbd7 7. Be2 Re8 8. O-O c6 9. Qb3 a5 10. c4 a4 11. Qc2 Nb6 12. Rad1 Bf5 13. Bd3 Qc8 14. Bxf5 Qxf5 15. Qxf5 gxf5 16. Bxf6 Bxf6 17. Rc1 e6 18. g3 Ra5 19. c5 Nd7 20. Rc2 Rb5 21.
Rb1 Rb8 22. Ne1 e5 23. dxe5 Nxe5 24. f4 Ng4 25. Nf1 Re8 26. Ng2 d4 27. Re1 Nxe3 28. Nfxe3 dxe3 29. Kf1 Bd4 30. Ke2 Bxc5 31. Rd1 Re7 32.
Rd8+ Kg7 33. Ne1 Bb6 34. Ra8 Re4 35. Nd3 Rd5 36. Ne5 Ba5 37. Nf3 Rd2+ 0-1

[Event "GrandPrix_30.05"]
[Site "Chess.com"]
[Date "2020.05.30"]
[Round "5"]
[White "aleksandrovaleksei"]
[Black "TimofeevAr"]
[Result "1/2-1/2"]
[WhiteElo "2566"]
[BlackElo "2653"]
[TimeControl "600+2"]
[EndTime "10:23:09 PDT"]
[Termination "Game drawn by repetition"]

1. Nf3 c5 2. e3 Nf6 3. d4 e6 4. c4 cxd4 5. Nxd4 Nc6 6. Nc3 Be7 7. Be2 O-O 8. O-O d5 9. cxd5 Nxd5 10. Nxd5 exd5 11.
Nxc6 bxc6 12. Qc2 Bb7 13. b3 c5 14. Bf3 Qb6 15. Bb2 Rac8 16. Rfd1 c4 17. Bd4 Qa6 18.
bxc4 dxc4 19. Bxb7 Qxb7 20. Rab1 Qa6 21. h3 Bf6 22. Bxf6 Qxf6 23. Rd4 Qa6 24. Rb4 c3 25. Rb3 g6 26. a3 Qa5 27. Rd3 Rfd8 28. Rbxc3 Rb8 29.
g3 Rxd3 30. Qxd3 Qb6 31. Qd5 Rd8 32. Qe4 Qf6 33. Rd3 Rb8 34. Qf4 Rb1+ 35. Kg2 Qxf4 36. gxf4 Ra1 37. e4 Kf8 38. Rc3 a5 39. e5 Ke7 40. Kf3 Ke6 41. Ke4 Re1+ 42. Re3 Ra1 43. Rb3 Re1+ 44. Kf3 Ra1 45. Rb6+ Ke7 46. Rb3 Ke6 47.
Ke4 Re1+ 48. Kf3 Ra1 1/2-1/2

[Event "GrandPrix_30.05"]
[Site "Chess.com"]
[Date "2020.05.30"]
[Round "5"]
[White "Yuri202062"]
[Black "Ave_Mariia"]
[Result "0-1"]
[WhiteElo "2019"]
[BlackElo "2210"]
[TimeControl "600+2"]
[EndTime "10:23:17 PDT"]
[Termination "Ave_Mariia won by resignation"]

1. d4 Nf6 2. c4 e6 3. Nc3 Bb4 4.
e3 O-O 5. Bd3 d5 6. cxd5 exd5 7.
Ne2 c6 8. O-O Nbd7 9. f3 Re8 10.
e4 dxe4 11. fxe4 Nf8 12. Bg5 Be7 13. e5 Nd5 14. Bxe7 Rxe7 15. Qd2 Bg4 16. Ng3 Qb6 17.
Nxd5 cxd5 18. Bf5 Bxf5 19. Rxf5 Ne6 20. Rd1 Rc8 21. Rf3 Rc4 22. Nf5 Rec7 23. Rb3 Qa6 24.
Rg3 Kh8 25. Nxg7 Rxd4 26. Qe1 Rxd1 27. Qxd1 Nxg7 28. h3 Qe6 29. Qd4 Nf5 0-1

[Event "GrandPrix_30.05"]
[Site "Chess.com"]
[Date "2020.05.30"]
[Round "5"]
[White "BlackBoarder"]
[Black "N4700000"]
[Result "1-0"]
[WhiteElo "2188"]
[BlackElo "2210"]
[TimeControl "600+2"]
[EndTime "10:23:18 PDT"]
[Termination "BlackBoarder won by resignation"]

1. e4 c5 2. Nf3 e6 3. c3 Nf6 4. e5 Nd5 5. d4 cxd4 6. cxd4 d6 7. Bd3 Nc6 8. a3 dxe5 9. dxe5 Be7 10. O-O O-O 11.
Bd2 b6 12. Qc2 Bb7 13. Bxh7+ Kh8 14. Be4 Rc8 15. Nc3 Na5 16. Rfd1 Nc4 17. Rac1 Nxd2 18. Rxd2 Bg5 19. Nxg5 Qxg5 20. Rd3 g6 21. Re1 Rc4 22.
Qd2 Qxd2 23. Rxd2 Nxc3 24. Bxb7 Nb5 25. Ba6 Rd4 26. Red1 Rfd8 27. Rxd4 Nxd4 28. Kf1 Kg7 29. f4 Kf8 30. Kf2 Ke7 31. g4 Rd5 32. Bc4 Rd8 33.
h4 a5 34. h5 gxh5 35. gxh5 Kf8 36. h6 Kg8 37. Bd3 Kh8 38. Be4 Rd7 39. Rd3 Rd8 40. Rd2 Nc6 41. Rxd8+ Nxd8 42. Ke3 f5 43. exf6 Nf7 44. h7 Nh6 45. Kd4 Ng4 46. f7 1-0

[Event "GrandPrix_30.05"]
[Site "Chess.com"]
[Date "2020.05.30"]
[Round "5"]
[White "Thor736"]
[Black "Nikame"]
[Result "0-1"]
[WhiteElo "2090"]
[BlackElo "2277"]
[TimeControl "600+2"]
[EndTime "10:23:25 PDT"]
[Termination "Nikame won by resignation"]

1. e4 c5 2. Nf3 Nc6 3. d4 cxd4 4. Nxd4 Nf6 5. Nc3 d6 6. Bg5 Bd7 7. Qd2 Rc8 8. Be2 a6 9. O-O-O Nxd4 10. Qxd4 Qa5 11.
f4 Qc5 12. e5 Qxd4 13. Rxd4 h6 14. Bh4 g5 15. exf6 gxh4 16. fxe7 Bg7 17. Rxd6 Bxc3 18. bxc3 Kxe7 19. Rxd7+ Kxd7 20. Bg4+ Ke7 21. Bxc8 Rxc8 22. Kd2 Rg8 23. Rg1 h3 24. g3 Kf6 25. Ke3 Kf5 26.
Rb1 b5 27. c4 Re8+ 28. Kf3 bxc4 29. g4+ Kg6 30. Rb6+ f6 31. Rxa6 Re1 32. Rc6 Rg1 33. Rxc4 Rg2 34. a4 Rxh2 35. a5 Rd2 36. Ra4 h2 37. Ra1 Rxc2 38. Kg3 Ra2 39. f5+ Kg5 40. Rh1 Rxa5 41. Rxh2 Ra3+ 42. Kg2 Ra2+ 43. Kg1 Rxh2 0-1

[Event "GrandPrix_30.05"]
[Site "Chess.com"]
[Date "2020.05.30"]
[Round "5"]
[White "moro182"]
[Black "BakaPG"]
[Result "1-0"]
[WhiteElo "2517"]
[BlackElo "2308"]
[TimeControl "600+2"]
[EndTime "10:23:28 PDT"]
[Termination "moro182 won by resignation"]

1. d4 d5 2. c4 c6 3. Nc3 Nf6 4. Nf3 e6 5. Bg5 dxc4 6. a4 Bb4 7. e3 b5 8. Be2 Bb7 9. O-O a6 10. Ne5 Nbd7 11. f4 h6 12. Bh4 Qb6 13. Bf3 Bxc3 14.
bxc3 Nxe5 15. fxe5 Nd5 16. Qe1 g5 17. Bg3 h5 18. h4 g4 19. Bxd5 cxd5 20. Qf2 Rh7 21.
Bf4 O-O-O 22. Bg5 Rd7 23. axb5 axb5 24. Ra2 b4 25. cxb4 Qxb4 26. Qc2 f5 27. exf6 Qb3 28. Qf2 Rhf7 29. Rb2 Qd3 30. Ra1 Rc7 31. Qf4 c3 32. Rbb1 c2 33. Rc1 Rc6 34. Qe5 Qf5 35. Qxf5 exf5 36.
Ra2 Ba6 37. Rcxc2 Bc4 38. Kf2 Rfxf6 39. Bxf6 Rxf6 40. Kg3 f4+ 41. exf4 Re6 42. Ra3 Kd7 43.
f5 Re4 44. f6 Re8 45. Rf2 Rf8 46. Ra7+ Ke6 47. Re7+ Kd6 48. Re5 1-0

[Event "GrandPrix_30.05"]
[Site "Chess.com"]
[Date "2020.05.30"]
[Round "5"]
[White "Vnebo"]
[Black "swisspower96"]
[Result "0-1"]
[WhiteElo "2138"]
[BlackElo "2320"]
[TimeControl "600+2"]
[EndTime "10:23:40 PDT"]
[Termination "swisspower96 won by resignation"]

1. e4 c5 2. Nf3 Nc6 3. d4 cxd4 4. Nxd4 Nf6 5. Nc3 e5 6. Nde2 Bc5 7. Ng3 O-O 8. Bc4 d6 9. O-O a6 10. Bg5 h6 11. Bxf6 Qxf6 12. Nd5 Qd8 13. Qh5 Qg5 14. Qxg5 hxg5 15. Nf5 Bxf5 16. exf5 e4 17. Rae1 Rae8 18. c3 Re5 19. b4 Ba7 20. Re2 Rfe8 21. f6 Rf5 22. g4 Rf3 23. fxg7 Kxg7 24. Kg2 Re5 25. Bb3 Rd3 26. Ne3 Ne7 27. Rc1 Ng6 28. Ree1 Nh4+ 29. Kf1 Nf3 30. Red1 Bxe3 31. fxe3 Nxh2+ 32. Ke2 Nxg4 33. Rg1 Rxe3+ 34. Kd2 Rd3+ 35. Kc2 f5 36.
Kb2 e3 0-1

[Event "GrandPrix_30.05"]
[Site "Chess.com"]
[Date "2020.05.30"]
[Round "5"]
[White "Meizon19"]
[Black "ftorodent"]
[Result "1-0"]
[WhiteElo "2307"]
[BlackElo "2142"]
[TimeControl "600+2"]
[EndTime "10:23:44 PDT"]
[Termination "Meizon19 won by resignation"]

1. e4 c5 2. Nf3 e6 3. Nc3 a6 4. d4 cxd4 5. Nxd4 Qc7 6. Bd3 Bc5 7.
Nb3 Be7 8. O-O Nf6 9. f4 d6 10. a4 b6 11. Be3 Nc6 12. Kh1 Bb7 13. Qe2 O-O 14. Rf3 Nb4 15. Rh3 g6 16. Rf1 Rfe8 17.
Nd4 e5 18. fxe5 dxe5 19. Nf3 Bc8 20. Rh4 Ng4 21. Bg5 f6 22. Bc4+ Kg7 23. Bc1 h5 24. h3 Nh6 25. Bxh6+ Kxh6 26. g4 Bb7 27.
gxh5 g5 28. Rg4 Rac8 29. Bb3 Qd7 30. Qg2 Rh8 31. Nh4 Rcf8 32. Nf5+ Kh7 33. h4 Bd8 34. hxg5 fxg5 35. Rxg5 Bf6 36. Rg6 1-0

[Event "GrandPrix_30.05"]
[Site "Chess.com"]
[Date "2020.05.30"]
[Round "5"]
[White "woodhy"]
[Black "szachuspl"]
[Result "0-1"]
[WhiteElo "2175"]
[BlackElo "2369"]
[TimeControl "600+2"]
[EndTime "10:23:50 PDT"]
[Termination "szachuspl won by resignation"]

1. e4 c5 2. Nf3 e6 3. d4 cxd4 4. Nxd4 Nc6 5. Nc3 a6 6. Be3 Nf6 7. Be2 Bb4 8. Nxc6 bxc6 9. O-O Bxc3 10. bxc3 Nxe4 11. Qd4 Nf6 12. Bf4 O-O 13. Bd6 Re8 14.
Bd3 Qa5 15. Rfe1 Qd5 16. Qb4 a5 17. Qa3 Qg5 18. Re3 Ba6 19. Re5 Qd2 20. Rxa5 Bb7 21. Rxa8 Rxa8 22. Qb2 Bc8 23. c4 Ne8 24. Bb4 Qg5 25.
a4 Ba6 26. Qd4 Qd8 27. c5 Bxd3 28. Qxd3 Nc7 29. c4 e5 30. h3 Ne6 31. Qd6 Qb8 32.
Qd2 Nd4 33. Ra2 Nb3 34. Qc3 Nxc5 35. a5 Ne6 36. a6 c5 37. Ba5 Qb1+ 38. Kh2 Qxa2 39.
Bc7 Qxa6 40. Qxe5 Qxc4 41. f4 Qxf4+ 42. Qxf4 Nxf4 43. Bxf4 d5 44. Bd6 c4 45. Be5 Re8 0-1

[Event "GrandPrix_30.05"]
[Site "Chess.com"]
[Date "2020.05.30"]
[Round "5"]
[White "anesar92"]
[Black "WoodlandMagic"]
[Result "1-0"]
[WhiteElo "2419"]
[BlackElo "2117"]
[TimeControl "600+2"]
[EndTime "10:23:53 PDT"]
[Termination "anesar92 won by resignation"]

1. e4 e5 2. Nf3 Nc6 3. Bb5 a6 4. Ba4 Nf6 5. O-O b5 6. Bb3 Bc5 7. a4 Rb8 8. axb5 axb5 9. Nxe5 Nxe5 10. d4 Bxd4 11. Qxd4 d6 12. f4 c5 13. Qd1 Nc6 14. e5 dxe5 15. Qxd8+ Nxd8 16. fxe5 Nd7 17. Bxf7+ Nxf7 18.
e6 Nf6 19. exf7+ Kxf7 20. Nc3 Kg6 21. Bf4 Rb6 22. Be3 Bf5 23. Bxc5 Rc6 24. b4 Bxc2 25. Nxb5 Bd3 26. Nd4 Rxc5 27. bxc5 Bxf1 28. Rxf1 Rd8 29. Rf4 Nd5 30. Rg4+ Kf6 31. h3 h5 32. Re4 Ne7 33. Re6+ Kf7 34. Rxe7+ Kxe7 35. Nc6+ Kd7 36.
Nxd8 Kxd8 37. Kf2 Kd7 38. Ke3 Kc6 39. Kd4 g5 40. g4 hxg4 41. hxg4 Kc7 42. Kd5 Kd7 43.
Ke5 Kc6 44. Kf5 Kxc5 45. Kxg5 Kd6 46. Kf6 1-0

[Event "GrandPrix_30.05"]
[Site "Chess.com"]
[Date "2020.05.30"]
[Round "5"]
[White "am00ss00"]
[Black "Borisss85"]
[Result "0-1"]
[WhiteElo "2046"]
[BlackElo "2186"]
[TimeControl "600+2"]
[EndTime "10:23:58 PDT"]
[Termination "Borisss85 won by checkmate"]

1. e4 c5 2. Nc3 Nc6 3. g3 g6 4. Bg2 Bg7 5. d3 d6 6. f4 e6 7.
Be3 Nge7 8. Qd2 O-O 9. Nf3 Nd4 10. O-O Rb8 11. Rae1 b5 12. Nh4 f5 13. exf5 Nexf5 14. Nxf5 gxf5 15. Ne2 Nxe2+ 16. Rxe2 Qf6 17. c3 b4 18. d4 bxc3 19. bxc3 Ba6 20. Rfe1 Bxe2 21. Qxe2 Rfe8 22. Qc4 Kh8 23. Qa6 cxd4 24. Bxd4 e5 25. Bxa7 exf4 26. Rd1 Rb2 27. Bd4 Qe7 28. Bxg7+ Kxg7 29.
gxf4 Qe3+ 30. Kh1 Qf2 31. Rg1 Re1 32. Bf1+ Kf7 33. Bc4+ Ke7 34. Rxe1+ Qxe1+ 35. Bf1 Qe4+ 36. Kg1 Qe3+ 37. Kh1 Qf3+ 38. Kg1 Qf2+ 39. Kh1 Qxh2# 0-1

[Event "GrandPrix_30.05"]
[Site "Chess.com"]
[Date "2020.05.30"]
[Round "5"]
[White "fujiwara_hoga"]
[Black "dosto07"]
[Result "1-0"]
[WhiteElo "2128"]
[BlackElo "1810"]
[TimeControl "600+2"]
[EndTime "10:24:02 PDT"]
[Termination "fujiwara_hoga won by resignation"]

1. d4 d5 2. c4 dxc4 3. e3 Nf6 4. Bxc4 e6 5. Nf3 c5 6. O-O a6 7. dxc5 Bxc5 8. Qxd8+ Kxd8 9. a3 b5 10. Be2 Bb7 11.
b4 Bd6 12. Bb2 Nbd7 13. Nbd2 Ke7 14. Nb3 Rac8 15. Rac1 e5 16. Na5 Bd5 17. Nd2 e4 18. f4 h5 19. Ndb3 Bxb3 20. Nxb3 Nd5 21. Bd4 f6 22.
Na5 Nb8 23. Rfd1 g6 24. Kf2 Rhd8 25. Nb7 Rg8 26. Rxc8 Rxc8 27. Ba1 Rc2 28. Rxd5 Bc7 29. Rc5 Bb6 30. Rxc2 1-0

[Event "GrandPrix_30.05"]
[Site "Chess.com"]
[Date "2020.05.30"]
[Round "5"]
[White "Haapana"]
[Black "hubertsmazak"]
[Result "0-1"]
[WhiteElo "2350"]
[BlackElo "2247"]
[TimeControl "600+2"]
[EndTime "10:24:04 PDT"]
[Termination "hubertsmazak won by resignation"]

1. d4 Nf6 2. c4 e6 3. Nf3 d5 4.
Nc3 dxc4 5. e3 a6 6. a4 b6 7.
Bxc4 Bb7 8. O-O Bb4 9. Bd2 O-O 10. Qe2 Nbd7 11. Rfd1 Qe7 12. Be1 Rfd8 13. Rac1 Qf8 14.
h3 c5 15. Ne5 Qe7 16. Nxd7 Rxd7 17. dxc5 Rxd1 18. Rxd1 Qxc5 19. Bd3 g6 20. e4 Nh5 21. Bd2 Rd8 22. Be3 Qa5 23. Bc2 Rxd1+ 24. Nxd1 Qe5 25. Qd3 Nf4 26. Qd8+ Bf8 27. Bxf4 Qxf4 28. Qd3 Qc1 29.
Kh2 Bc5 30. g3 a5 31. Qd8+ Kg7 32. Qd3 Ba6 33. Qc3+ Kg8 34. Bb3 Qxc3 35. bxc3 Be2 36. Ne3 Bf3 37. Bc2 Be2 38. Kg2 h5 39. Nf1 Kf8 40.
Nd2 Ke7 41. e5 b5 42. axb5 Bxb5 43. c4 Bc6+ 44. Be4 Bxe4+ 45. Nxe4 Bd4 46. f4 a4 47. Nd2 a3 48. Nb3 a2 49. g4 hxg4 50. hxg4 a1=Q 51.
Nxa1 Bxa1 52. Kf3 Kd7 53. Ke4 Kc6 54. f5 g5 55. fxe6 fxe6 0-1

[Event "GrandPrix_30.05"]
[Site "Chess.com"]
[Date "2020.05.30"]
[Round "5"]
[White "DaVinci81"]
[Black "Kobalia"]
[Result "1-0"]
[WhiteElo "2584"]
[BlackElo "2428"]
[TimeControl "600+2"]
[EndTime "10:24:05 PDT"]
[Termination "DaVinci81 won by resignation"]

1. e4 c6 2. Nf3 d5 3. Nc3 Bg4 4. h3 Bxf3 5. Qxf3 e6 6. Be2 Nf6 7.
O-O Bb4 8. e5 Nfd7 9. Qg3 O-O 10.
d4 Kh8 11. Nd1 c5 12. c3 Ba5 13. Be3 Nc6 14. dxc5 Ncxe5 15. f4 Nc4 16. Bd4 f6 17.
Bxc4 dxc4 18. Ne3 b5 19. a4 e5 20. fxe5 fxe5 21. Rxf8+ Qxf8 22. Rf1 Qe8 23. Nf5 Qg6 24. Be3 bxa4 25. Qxg6 hxg6 26. Nd6 Kg8 27. Nxc4 Bc7 28. Ra1 Kf7 29. Rxa4 Ke6 30. Nb6 Rb8 31. Rxa7 Bxb6 32. cxb6 Kd6 33. c4 Rc8 34. b3 Kc6 35. b4 1-0

[Event "GrandPrix_30.05"]
[Site "Chess.com"]
[Date "2020.05.30"]
[Round "5"]
[White "Grebnev_A"]
[Black "Spartakus1975"]
[Result "0-1"]
[WhiteElo "2195"]
[BlackElo "2490"]
[TimeControl "600+2"]
[EndTime "10:24:07 PDT"]
[Termination "Spartakus1975 won by checkmate"]

1. c4 e5 2. Nc3 Bb4 3. Nd5 Bc5 4. g3 c6 5. Nc3 d5 6. cxd5 cxd5 7. Bg2 Nf6 8. d3 h6 9. Nf3 Nc6 10. O-O d4 11.
Nb1 O-O 12. Nbd2 Be6 13. Nb3 Bd6 14. Bd2 Qe7 15. Rc1 a5 16. a3 a4 17. Na1 Rfc8 18. Nc2 Bb3 19. Qe1 Rc7 20. Nh4 Qe6 21. Nb4 Bxb4 22. Bxb4 Rac8 23. Qd2 Nd5 24. Ba5 b6 25. Bxd5 Bxd5 26. Bxb6 Rb7 27. Bc5 Rcb8 28. Rc2 e4 29.
Ng2 g5 30. Ne1 Bb3 31. Rc1 Ba2 32. dxe4 Rxb2 33. Rc2 Rxc2 34. Qxc2 Bb3 35. Qd3 Bc4 36. Qc2 Rb3 37. Nd3 Rc3 38. Qxa4 Qxe4 39. Rc1 Bd5 40. f3 Qe3+ 41. Kg2 Qxe2+ 42. Kh3 Be6+ 43. g4 Qxf3# 0-1